[Event "Icelandic Open 2019"]
[Site "Akureyri"]
[Date "2019.05.27"]
[Round "4.15"]
[White "Ragnarsson, Johann"]
[Black "Hardarson, Petur Palmi"]
[Result "0-1"]
[ECO "E81"]
[WhiteElo "1968"]
[BlackElo "1847"]
[Annotator "NA RC"]
[PlyCount "80"]
[EventDate "2019.05.25"]
[EventType "swiss"]
[EventCountry "ISL"]
[SourceTitle "playchess.com"]
[Source "ChessBase"]
[SourceQuality "1"]
[TimeControl "40/5400+30:1800+30"]

1. d4 Nf6 2. c4 g6 3. Nc3 Bg7 4. e4 d6 5. f3 O-O 6. Bg5 Nc6 7. Nge2 a6 8. d5 Na5 9. Ng3 c5 10. Be2 Bd7 11. Rb1 h6 12. Be3 e6 13. Qd2 exd5 14. exd5 Re8 15. O-O Rxe3 16. Qxe3 Nxd5 17. Qd2 Ne3 18. Rfe1 Naxc4 19. Bxc4 Nxc4 20. Qd5 Bd4+ 21. Kh1 Nxb2 22. Nce4 Be6 23. Qxb7 Nd3 24. Red1 c4 25. Ne2 Ba7 26. h3 d5 27. Nf6+ Kg7 28. Ng4 Bxg4 29. fxg4 Nf2+ 30. Kh2 Nxd1 31. Rxd1 d4 32. Rf1 Qb8+ 33. Qxb8 Rxb8 34. Rd1 d3 35. Nc3 Rb2 36. Kg3 Rc2 37. Ne4 Rxa2 38. Rc1 Rc2 39. Rd1 a5 40. Nd6 Bb8 0-1

[Event "Icelandic Open 2019"]
[Site "Akureyri"]
[Date "2019.05.28"]
[Round "5.2"]
[White "Gislason, Gudmundur"]
[Black "Gretarsson, Helgi Ass"]
[Result "1-0"]
[ECO "D02"]
[WhiteElo "2288"]
[BlackElo "2433"]
[Annotator "RC"]
[PlyCount "95"]
[EventDate "2019.05.25"]
[EventType "swiss"]
[EventCountry "ISL"]
[SourceTitle "playchess.com"]
[Source "ChessBase"]
[SourceQuality "1"]
[TimeControl "40/5400+30:1800+30"]

1. d4 Nf6 2. g3 d5 3. Bg2 c6 4. Nf3 Bf5 5. h3 h6 6. Nbd2 e6 7. O-O Be7 8. c4 O-O 9. g4 Bh7 10. Qb3 Qb6 11. c5 Qc7 12. Ne5 Nfd7 13. Ndf3 b6 14. Bf4 Qb7 15. Rfc1 Rc8 16. a4 a5 17. g5 Nxe5 18. dxe5 hxg5 19. Nxg5 Bg6 20. cxb6 Nd7 21. Qg3 Nf8 22. h4 Bh5 23. Bf3 Bxf3 24. Nxf3 Ng6 25. Bg5 Bxg5 26. Qxg5 Kf8 27. h5 Ne7 28. b4 Qxb6 29. bxa5 Rxa5 30. Rcb1 Qa6 31. Rb4 Nf5 32. Ra2 Nh6 33. Rf4 c5 34. Kh2 Qa7 35. Ra1 Qe7 36. Rf6 gxf6 37. Qxh6+ Ke8 38. exf6 Qc7+ 39. Kh1 Kd7 40. Qg7 Raa8 41. Qxf7+ Kd6 42. Qg6 Rg8 43. Qh6 Rg4 44. Rg1 Rxg1+ 45. Kxg1 Kc6 46. Qg7 Qf4 47. f7 Kd6 48. h6 1-0

[Event "Icelandic Open 2019"]
[Site "Akureyri"]
[Date "2019.05.28"]
[Round "5.6"]
[White "Kjartansson, Gudmundur"]
[Black "Thorfinnsson, Bjorn"]
[Result "1-0"]
[ECO "D78"]
[WhiteElo "2454"]
[BlackElo "2389"]
[Annotator "RC"]
[PlyCount "155"]
[EventDate "2019.05.25"]
[EventType "swiss"]
[EventCountry "ISL"]
[SourceTitle "playchess.com"]
[Source "ChessBase"]
[SourceQuality "1"]
[TimeControl "40/5400+30:1800+30"]

1. Nf3 d5 2. g3 g6 3. Bg2 Bg7 4. d4 c6 5. O-O Nf6 6. b3 O-O 7. c4 b6 8. Bb2 Bb7 9. Nc3 e6 10. e3 Nbd7 11. Qe2 Ne4 12. Nxe4 dxe4 13. Ne5 f5 14. Rad1 Qc7 15. Nxd7 Qxd7 16. f3 exf3 17. Bxf3 e5 18. dxe5 Qe7 19. Rd6 Bxe5 20. Bxe5 Qxe5 21. Rfd1 Rae8 22. Rd7 Re7 23. Kf2 Qg7 24. Qd2 Rxd7 25. Qd4 Rd6 26. Qxd6 Qe7 27. Qd7 Qxd7 28. Rxd7 Rf7 29. Rxf7 Kxf7 30. e4 Kf6 31. Ke3 fxe4 32. Bxe4 Ke5 33. h4 a5 34. a3 Kd6 35. Kf4 Kc5 36. Ke5 a4 37. bxa4 Ba6 38. Kf6 Bxc4 39. Kg7 Bd5 40. Bc2 h5 41. Bxg6 Bf3 42. Kh6 Kd4 43. Bxh5 Bxh5 44. Kxh5 c5 45. Kg4 c4 46. h5 c3 47. h6 c2 48. h7 c1=Q 49. h8=Q+ Kd5 50. Qd8+ Ke6 51. Qxb6+ Kd7 52. Qd4+ Ke6 53. a5 Qxa3 54. Qc4+ Kf6 55. a6 Qa5 56. Qc6+ Kg7 57. Qd7+ Kf6 58. Qd6+ Kg7 59. Kh4 Qa1 60. Qe7+ Kg6 61. Qg5+ Kf7 62. Qd5+ Kf6 63. Qc6+ Kf7 64. Qb7+ Kg6 65. Qc6+ Kf7 66. Qc7+ Kg6 67. Qb6+ Kf7 68. a7 Qh1+ 69. Kg5 Qd5+ 70. Kf4 Qc4+ 71. Ke5 Qc3+ 72. Qd4 Qc7+ 73. Ke4 Qc2+ 74. Kf3 Qb3+ 75. Kg2 Qb7+ 76. Kh2 Kg6 77. Qa1 Qa8 78. Qb1+ 1-0

[Event "Icelandic Open 2019"]
[Site "Akureyri"]
[Date "2019.05.28"]
[Round "5.9"]
[White "Jonsson, Gauti Pall"]
[Black "Karlsson, Mikael Johann"]
[Result "0-1"]
[ECO "B01"]
[WhiteElo "2033"]
[BlackElo "2146"]
[Annotator "ChessBase"]
[PlyCount "90"]
[EventDate "2019.05.25"]
[EventType "swiss"]
[EventCountry "ISL"]
[SourceTitle "playchess.com"]
[Source "ChessBase"]
[SourceQuality "1"]
[TimeControl "40/5400+30:1800+30"]

1. e4 d5 2. exd5 Qxd5 3. Nc3 Qd6 4. d4 c6 5. Bc4 Nf6 6. Nge2 Bg4 7. f3 Bf5 8. Bf4 Qb4 9. Bb3 Nbd7 10. Bc7 e6 11. O-O Rc8 12. a3 Qe7 13. Bf4 h6 14. Ng3 Bh7 15. Re1 g5 16. Be3 Bg7 17. d5 Nxd5 18. Nxd5 cxd5 19. Bd4 Bxd4+ 20. Qxd4 Qc5 21. Rad1 O-O 22. c3 b5 23. Kh1 Qxd4 24. Rxd4 Nc5 25. Ba2 Nd3 26. Re3 Nxb2 27. h4 Nc4 28. Re2 Rc6 29. hxg5 hxg5 30. Rg4 f6 31. f4 Bd3 32. Re1 Kf7 33. fxg5 Rg8 34. Rd4 Bc2 35. Re2 Rxg5 36. Kh2 Nxa3 37. Rh4 Rxc3 38. Nf1 Nc4 39. Rh8 Be4 40. Bxc4 bxc4 41. Ra2 Kg6 42. Ra8 Rh5+ 43. Kg1 Rh7 44. Re8 e5 45. Rf2 Rc2 0-1

[Event "Icelandic Open 2019"]
[Site "Akureyri"]
[Date "2019.05.28"]
[Round "5.10"]
[White "Pinto, Mark"]
[Black "Ruelland, Geoffrey"]
[Result "0-1"]
[ECO "A45"]
[WhiteElo "2082"]
[BlackElo "1955"]
[Annotator "NA"]
[PlyCount "96"]
[EventDate "2019.05.25"]
[EventType "swiss"]
[EventCountry "ISL"]
[SourceTitle "playchess.com"]
[Source "ChessBase"]
[SourceQuality "1"]
[TimeControl "40/5400+30:1800+30"]

1. d4 Nf6 2. Bf4 g6 3. Nc3 d5 4. e3 Bg7 5. Nb5 Na6 6. a4 O-O 7. h4 c6 8. Nc3 c5 9. Bxa6 bxa6 10. a5 Bf5 11. Nf3 Rc8 12. Ne2 Ne4 13. c3 h5 14. Ne5 f6 15. Nd3 c4 16. Nb4 e5 17. Bh2 Be6 18. f3 Nd6 19. Bg1 Nf5 20. Bf2 Qd6 21. e4 dxe4 22. fxe4 Nh6 23. d5 (23. dxe5 $11 {remains equal.} Qxe5 24. Qd4) 23... Bd7 24. O-O Ng4 25. Bxa7 Bh6 26. Rf3 f5 27. Ng3 Qe7 28. exf5 Qxh4 29. d6 $2 (29. Nf1 $17 {only move.}) 29... Nh2 30. Qd5+ Kh8 31. Qxe5+ ({White should play} 31. Bf2 $11) 31... Bg7 32. f6 $2 ({White should try} 32. Qf4 $15 Nxf3+ 33. Qxf3) 32... Nxf3+ 33. gxf3 Rxf6 34. Bf2 Qh3 35. Rf1 Rxf3 36. Qg5 Kh7 37. Ne4 Rcf8 38. Qg2 Qxg2+ 39. Kxg2 Bh3+ 40. Kg1 Bh6 41. Nd5 Bxf1 42. Kxf1 Rxf2+ (42... R3f5 $142 43. Nc7 Re5) 43. Nxf2 Rf5 44. Ne7 Rf8 45. Ke2 Kg7 46. Ne4 h4 47. Nc6 h3 48. d7 h2 $19 0-1

[Event "Icelandic Open 2019"]
[Site "Akureyri"]
[Date "2019.05.28"]
[Round "5.11"]
[White "Hardarson, Petur Palmi"]
[Black "Barthel, Ansgar"]
[Result "1-0"]
[ECO "E61"]
[WhiteElo "1847"]
[BlackElo "2062"]
[Annotator "NA RC"]
[PlyCount "105"]
[EventDate "2019.05.25"]
[EventType "swiss"]
[EventCountry "ISL"]
[SourceTitle "playchess.com"]
[Source "ChessBase"]
[SourceQuality "1"]
[TimeControl "40/5400+30:1800+30"]

1. d4 Nf6 2. c4 g6 3. Nc3 Bg7 4. Nf3 O-O 5. Bg5 d6 6. e3 Nbd7 7. Be2 e5 8. O-O h6 9. Bh4 g5 10. Bg3 Nh5 {[%emt 0:00:10] E61: King's Indian: Early deviations for White, including Smyslov System} 11. dxe5 Nxg3 12. hxg3 dxe5 13. Qc2 f5 14. Rad1 c6 15. b4 Qe7 {[%emt 0:01:16] [#]} ({Predecessor:} 15... a5 16. a3 axb4 17. axb4 Qe7 {1-0 (55) Krejci,J (2503)-Stepan,M (2093) Nachod 2013}) 16. c5 $146 (16. a3 e4 17. Nd4 Nf6 18. c5 {0-1 (33) Akobian,V (2665)-Matikozian,A (2548) Reno 2004}) 16... a5 17. a3 axb4 18. axb4 b6 19. cxb6 Nxb6 20. b5 cxb5 21. Nxb5 Ba6 22. Qc6 Rf6 23. Qc3 Rc8 24. Qb2 Bxb5 25. Bxb5 Rd6 26. Rxd6 Qxd6 27. Qb3+ Kf8 28. Rd1 Qc5 29. Bd7 ({Better is} 29. Ba6 $18 Re8 30. Be2) 29... Qc2 30. Qxc2 Rxc2 31. Bxf5 Rb2 32. Nd2 Ke7 33. Ne4 Rb4 34. Ra1 Na4 35. Rc1 Rb7 36. Rc6 Ra7 37. Re6+ Kd8 38. Rd6+ Ke7 39. Rg6 Kf8 40. Re6 Ra8 41. Bg6 Kg8 42. Kh2 Rc8 43. Nd6 Rd8 44. Nf5 Nc5 45. Re7 Bf8 46. Rxe5 Nd3 47. Ne7+ Bxe7 {[%emt 0:01:23] [#]} 48. Bxd3 $1 Bf6 49. Bc4+ Kg7 $16 50. Rb5 Rd2 51. Rb7+ Kh8 52. f4 h5 53. Rf7 1-0

[Event "Icelandic Open 2019"]
[Site "Akureyri"]
[Date "2019.05.28"]
[Round "5.12"]
[White "Ptacnikova, Lenka"]
[Black "Johannsson, Birkir Isak"]
[Result "1-0"]
[ECO "B70"]
[WhiteElo "2145"]
[BlackElo "1981"]
[Annotator "ChessBase"]
[PlyCount "45"]
[EventDate "2019.05.25"]
[EventType "swiss"]
[EventCountry "ISL"]
[SourceTitle "playchess.com"]
[Source "ChessBase"]
[SourceQuality "1"]
[TimeControl "40/5400+30:1800+30"]

1. e4 c5 2. Nc3 Nc6 3. Nge2 Nf6 4. g3 d6 5. Bg2 g6 6. d4 cxd4 7. Nxd4 Bd7 8. Nde2 Bg7 9. O-O O-O 10. h3 Rc8 11. Bg5 h6 12. Be3 Qa5 13. Nd5 Nxd5 14. exd5 Nb8 15. Nd4 b5 16. Re1 Qd8 17. Qd2 Kh7 18. c3 a5 19. Bf1 Qe8 20. Bf4 Bxd4 21. Qxd4 Qd8 22. Qe3 g5 23. Bd3+ 1-0

[Event "Icelandic Open 2019"]
[Site "Akureyri"]
[Date "2019.05.28"]
[Round "5.14"]
[White "Briem, Benedikt"]
[Black "Gower, Sam"]
[Result "1-0"]
[ECO "A47"]
[WhiteElo "1811"]
[BlackElo "2069"]
[Annotator "NA RC"]
[PlyCount "93"]
[EventDate "2019.05.25"]
[EventType "swiss"]
[EventCountry "ISL"]
[SourceTitle "playchess.com"]
[Source "ChessBase"]
[SourceQuality "1"]
[TimeControl "40/5400+30:1800+30"]

1. d4 Nf6 2. Nf3 e6 3. Bf4 c5 4. e3 b6 5. Bd3 Bb7 6. Nbd2 cxd4 7. exd4 Be7 8. c3 d6 {[%emt 0:02:46] A47: 1 d4 Nf6 2 Nf3 b6: Torre, London and Colle Systems} 9. Qe2 (9. O-O O-O 10. Re1 Nbd7 11. Nc4 Qc7 12. Ne3 Rfe8 13. h3 Bf8 14. a4 a6 15. Bh2 g6 16. Nd2 {1-0 (43) Aronian,L (2805)-Dervishi,E (2552) Riadh 2017}) 9... Nbd7 10. h3 Qc7 11. O-O O-O 12. Ne4 Nxe4 13. Bxe4 Bxe4 14. Qxe4 Nf6 15. Qd3 $146 ({Predecessor:} 15. Qe2 Rfc8 16. Rfe1 a6 17. a4 Qc6 18. Ng5 Nd5 19. Qh5 Bxg5 20. Qxg5 {0-1 (90) Romero Lopez,M (2004)-Idrisov,T (2149) Logrono 2007}) 15... a6 16. Ng5 h6 17. Ne4 Nxe4 18. Qxe4 b5 19. Rac1 Rac8 20. Qd3 e5 21. Be3 f5 22. f3 Qb7 23. dxe5 dxe5 24. Rfd1 Rcd8 25. Qc2 Qc8 26. Rxd8 Rxd8 27. Rd1 Rxd1+ 28. Qxd1 Qc6 29. Qd3 Bc5 30. Bxc5 Qxc5+ 31. Kf1 Qc4 32. Qxc4+ bxc4 33. b4 cxb3 34. axb3 Kf7 {[%emt 0:00:07] [#]} 35. b4 $1 Ke6 36. c4 e4 37. fxe4 fxe4 38. Ke2 Kf5 39. b5 axb5 40. cxb5 Ke6 41. b6 Kd6 42. b7 Kc7 43. Ke3 Kxb7 44. Kxe4 Kc6 45. Kf5 Kd5 46. Kg6 Ke5 47. Kxg7 1-0

[Event "Icelandic Open 2019"]
[Site "Akureyri"]
[Date "2019.05.28"]
[Round "5.15"]
[White "Collin, Jean-Philippe"]
[Black "Kristjansson, Olafur"]
[Result "0-1"]
[ECO "D93"]
[WhiteElo "1792"]
[BlackElo "2069"]
[Annotator "NA RC"]
[PlyCount "32"]
[EventDate "2019.05.25"]
[EventType "swiss"]
[EventCountry "ISL"]
[SourceTitle "playchess.com"]
[Source "ChessBase"]
[SourceQuality "1"]
[TimeControl "40/5400+30:1800+30"]

1. d4 g6 2. Nf3 Nf6 3. c4 Bg7 4. Nc3 O-O 5. Bf4 d5 6. e3 c5 7. dxc5 Qa5 8. Nd2 dxc4 9. Bxc4 Qxc5 10. Rc1 Nc6 11. O-O Rd8 12. Nb5 Qb4 13. Rc2 Bf5 14. a3 Bxc2 15. axb4 Bxd1 16. Rxd1 Ne4 0-1

[Event "Icelandic Open 2019"]
[Site "Akureyri"]
[Date "2019.05.29"]
[Round "6.6"]
[White "Karlsson, Mikael Johann"]
[Black "Thorfinnsson, Bragi"]
[Result "1-0"]
[ECO "A15"]
[WhiteElo "2146"]
[BlackElo "2451"]
[Annotator "RC"]
[PlyCount "89"]
[EventDate "2019.05.25"]
[EventType "swiss"]
[EventCountry "ISL"]
[SourceTitle "playchess.com"]
[Source "ChessBase"]
[SourceQuality "1"]
[TimeControl "40/5400+30:1800+30"]

1. Nf3 Nf6 2. c4 b6 3. g3 Bb7 4. Bg2 e5 5. O-O e4 6. Ne1 h5 7. d4 h4 8. Bg5 hxg3 9. fxg3 Be7 10. Bxf6 Bxf6 11. Nc3 Qe7 12. e3 Bg5 13. Nc2 g6 14. h4 Bh6 15. Qg4 Kd8 16. Rf2 Qe8 17. h5 gxh5 18. Qh4+ Kc8 19. Raf1 Nc6 20. Rxf7 Nd8 21. Re7 Qg6 22. Nxe4 Rf8 23. d5 Rxf1+ 24. Kxf1 Ba6 25. b3 b5 26. Qh3 Qg4 27. Qxg4 hxg4 28. c5 b4+ 29. Kf2 Rb8 30. Nd4 Bd3 31. Re8 Bg7 32. Nf5 Bc3 33. Ne7+ Kb7 34. c6+ Kb6 35. cxd7 Bxe4 36. Bxe4 Bf6 37. d6 c6 38. Nxc6 Nxc6 39. Bxc6 Rd8 40. Ba4 Kc5 41. e4 a5 42. e5 Bg5 43. Ke2 Kd5 44. Kd3 Kc5 45. Ke4 {[%emt 0:00:06] Kd5+ [%clk 00:29:22] [%emt 00:01:06]} 1-0

[Event "Icelandic Open 2019"]
[Site "Akureyri"]
[Date "2019.05.29"]
[Round "6.10"]
[White "Leosson, Atli Johann"]
[Black "Thorhallsson, Simon"]
[Result "0-1"]
[ECO "B48"]
[WhiteElo "1790"]
[BlackElo "2184"]
[Annotator "ChessBase"]
[PlyCount "126"]
[EventDate "2019.05.25"]
[EventType "swiss"]
[EventCountry "ISL"]
[SourceTitle "playchess.com"]
[Source "ChessBase"]
[SourceQuality "1"]
[TimeControl "40/5400+30:1800+30"]

1. e4 c5 2. Nf3 e6 3. d4 cxd4 4. Nxd4 Nc6 5. Nc3 Qc7 6. Be3 a6 7. Be2 b5 8. a3 Bb7 9. Nxc6 Bxc6 10. Bf3 Nf6 11. Bg5 b4 12. Bxf6 gxf6 13. axb4 Bxb4 14. Qd4 Bxc3+ 15. Qxc3 Qe5 16. Qxe5 fxe5 17. Kd2 Ke7 18. Ra5 f6 19. Rha1 Rhb8 20. b3 Rb6 21. Ke3 Bb7 22. Rc5 Rb4 23. Ra3 Kd6 24. Rc3 Rd4 25. Rd3 Kc5 26. Ra5+ Kb6 27. Ra1 Rxd3+ 28. Kxd3 d5 29. exd5 exd5 30. Kd2 Re8 31. g3 e4 32. Bg4 d4 33. Re1 Re5 34. h4 Ra5 35. Kc1 h6 36. Kd2 Kc7 37. Rb1 Kd6 38. b4 Ra3 39. b5 a5 40. b6 Kc6 41. Bf5 Kc5 42. Bxe4 Bxe4 43. b7 Bxb7 44. Rxb7 Rf3 45. Ke2 Rc3 46. Kd2 a4 47. Rb8 h5 48. Rb7 Rf3 49. Ke2 Rc3 50. Kd2 Rf3 51. Ke2 Rf5 52. f4 Kc4 53. Ra7 Kb4 54. Kd3 Ra5 55. Rb7+ Kc5 56. Rb2 a3 57. Ra2 f5 58. c3 dxc3 59. Kxc3 Ra8 60. Kb3 Kd4 61. Rxa3 Rxa3+ 62. Kxa3 Ke4 63. g4 fxg4 0-1

[Event "Icelandic Open 2019"]
[Site "Akureyri"]
[Date "2019.05.29"]
[Round "6.12"]
[White "Sigurdsson, Snorri Thor"]
[Black "Pinto, Mark"]
[Result "1/2-1/2"]
[ECO "D00"]
[WhiteElo "1965"]
[BlackElo "2082"]
[Annotator "NA"]
[PlyCount "164"]
[EventDate "2019.05.25"]
[EventType "swiss"]
[EventCountry "ISL"]
[SourceTitle "playchess.com"]
[Source "ChessBase"]
[SourceQuality "1"]
[TimeControl "40/5400+30:1800+30"]

1. d4 d5 2. Bf4 Nf6 3. e3 c5 4. dxc5 (4. c3 Nc6 5. Nd2 Qb6 6. Qb3 Nh5 7. Qxb6 axb6 8. Bc7 cxd4 9. exd4 e5 10. Bxe5 Nxe5 11. dxe5 Bc5 12. g3 O-O {1-0 (76) Aronian,L (2765)-Caruana,F (2832) London 2018}) 4... Qa5+ 5. Nc3 Qxc5 6. Nb5 {[%emt 0:04:05] D00: 1 d4 d5: Unusual lines} Na6 7. Be5 Bd7 $146 ({Predecessor:} 7... Bf5 8. c3 Nd7 9. Bd4 Qc8 10. Nf3 Nac5 11. Bxc5 Qxc5 12. Qxd5 Qxd5 {½-½ (54) Vlassow,V (2281)-Hakobyan,R (2043) Sochi 2018}) 8. Bd4 Qc8 9. Nxa7 Qb8 10. Nb5 e5 11. Bc3 Nb4 12. a4 Bc5 13. Nf3 Nc6 14. Be2 O-O 15. O-O Rd8 16. b3 Bg4 17. h3 Bh5 18. Nh4 Bxe2 19. Qxe2 Qc8 20. Nf3 Qf5 21. Rfd1 Rac8 22. Bb2 Re8 23. Rac1 d4 24. exd4 exd4 25. Qd3 Ne4 26. Nbxd4 Nxd4 27. Bxd4 Rcd8 28. c3 Bd6 29. Re1 Bf4 30. Rc2 Re6 31. Rce2 Rde8 32. b4 h5 33. h4 Qg6 34. Be3 Bb8 35. Nd4 R6e7 36. Qc2 Qd6 37. Nf3 Re6 38. Bc1 f5 39. g3 Qb6 40. Kg2 Rc8 41. Rxe4 fxe4 42. Rxe4 (42. Ng5 $18 Re7 43. Qd1 (43. Rxe4 Rxe4 44. Nxe4 Qg6 $18)) 42... Rf6 43. Be3 Qc6 44. Bd4 Rff8 (44... Rf5 $142 45. Qa2+ Qc4 46. Re8+ Rf8 47. Rxf8+ Kxf8) 45. Ng5 Rce8 46. Kg1 Rxe4 47. Qxe4 Qxe4 48. Nxe4 Re8 49. Nc5 Re7 50. a5 Ba7 51. Kg2 Kf7 52. Kf3 Bxc5 53. Bxc5 Re1 54. Be3 Ke6 55. Kf4 g6 56. Ke4 Rd1 57. c4 Rb1 58. b5 Rb4 $2 {[%emt 0:02:13] [#]} (58... Ra1) 59. Kd3 $2 (59. Kd4 $1 $18 {and the rest is easy.}) 59... Rb3+ $2 (59... Kd6 {is a better chance.} 60. Bb6 Rb2) 60. Kc2 $2 (60. Kd4 Kd6 61. Bf4+ Kd7 62. Kc5 (62. a6 bxa6 63. bxa6 Ra3 $11)) 60... Ra3 61. Bb6 Kd6 {[%emt 0:01:47] [#]} 62. Kb2 $1 Ra4 63. Kb3 Ra1 64. Kc3 Rc1+ 65. Kd4 Rd1+ 66. Ke4 Rb1 67. Kf4 Ke6 68. Kg5 Kf7 69. f3 Rb4 70. g4 Rxc4 71. a6 bxa6 72. bxa6 Ra4 73. a7 hxg4 74. fxg4 Kg7 {[%emt 0:00:37] [#]} 75. Bd4+ $1 {[%emt 0:01:12] Promotion} Kf7 76. Kh6 Ra5 77. Kh7 Ra6 78. g5 Ra3 {[%emt 0:04:52] [#]} 79. Be3 $2 (79. h5 $1 {[%mdl 512] mates} Rh3 (79... gxh5 80. g6+) 80. Bg7 (80. h6 Ra3 $11) 80... Ra3 81. hxg6+ Ke6 82. Bd4 Kd5 83. Bf2 Rh3+ 84. Kg8) 79... Ra4 80. Bf2 $11 Ra3 81. Kh8 Ra1 82. Kh7 Ra3 1/2-1/2

[Event "Icelandic Open 2019"]
[Site "Akureyri"]
[Date "2019.05.29"]
[Round "6.13"]
[White "Barthel, Ansgar"]
[Black "Olafsson, Smari"]
[Result "1-0"]
[ECO "B32"]
[WhiteElo "2062"]
[BlackElo "1939"]
[Annotator "NA"]
[PlyCount "57"]
[EventDate "2019.05.25"]
[EventType "swiss"]
[EventCountry "ISL"]
[SourceTitle "playchess.com"]
[Source "ChessBase"]
[SourceQuality "1"]
[TimeControl "40/5400+30:1800+30"]

1. e4 c5 2. Nf3 Nc6 3. d4 cxd4 4. Nxd4 e5 5. Nb5 a6 6. Nd6+ Bxd6 7. Qxd6 Qf6 8. Qxf6 Nxf6 9. Nc3 Nb4 10. Bd3 d5 11. exd5 Nxd3+ {[%emt 0:02:23] B32: Sicilian: Löwenthal and Kalashnikov Variations} 12. cxd3 Bf5 13. O-O (13. Bg5 Bxd3 14. O-O-O Bg6 15. f4 Nd7 16. fxe5 Nxe5 17. Rhe1 f6 18. Bf4 Kd7 19. Bxe5 fxe5 20. Rxe5 {½-½ (30) Al Qudaimi,B (2423)-Turov,M (2582) Dubai 2009}) 13... O-O-O 14. Bg5 Bxd3 15. Rfe1 Rhe8 16. Re3 Bg6 17. Rae1 $146 ({Predecessor:} 17. Rc1 Kb8 18. Bxf6 gxf6 19. Rce1 {½-½ (36) Brinck Claussen,B (2380)-Hansen,M (2340) Tastrup 1992}) 17... Nxd5 18. Rxe5 f6 19. Nxd5 Rxd5 20. Rc1+ Kb8 21. Rxd5 fxg5 22. Rxg5 Re2 23. h4 Rxb2 24. h5 Be4 25. f3 Bd3 26. Rc3 Bc2 27. a3 g6 $18 28. h6 Bb1 29. Re3 1-0

[Event "Icelandic Open 2019"]
[Site "Akureyri"]
[Date "2019.05.29"]
[Round "6.14"]
[White "Valtysson, Thor"]
[Black "Dietzsch, Herbert"]
[Result "1/2-1/2"]
[ECO "D03"]
[WhiteElo "1896"]
[BlackElo "2059"]
[Annotator "NA"]
[PlyCount "20"]
[EventDate "2019.05.25"]
[EventType "swiss"]
[EventCountry "ISL"]
[SourceTitle "playchess.com"]
[Source "ChessBase"]
[SourceQuality "1"]
[TimeControl "40/5400+30:1800+30"]

1. d4 Nf6 2. Nf3 e6 3. Bg5 d5 4. e3 Nbd7 5. Bd3 Bd6 6. Nbd2 O-O 7. c3 c6 8. Qe2 c5 9. O-O Re8 10. Rfe1 cxd4 1/2-1/2

[Event "Icelandic Open 2019"]
[Site "Akureyri"]
[Date "2019.05.29"]
[Round "6.15"]
[White "Johannsdottir, Johanna Bjorg"]
[Black "Petursson, Gudni"]
[Result "0-1"]
[ECO "B10"]
[WhiteElo "1908"]
[BlackElo "2045"]
[Annotator "NA"]
[PlyCount "106"]
[EventDate "2019.05.25"]
[EventType "swiss"]
[EventCountry "ISL"]
[SourceTitle "playchess.com"]
[Source "ChessBase"]
[SourceQuality "1"]
[TimeControl "40/5400+30:1800+30"]

1. e4 c6 2. d3 d5 3. Nd2 g6 4. Ngf3 Bg7 5. g3 Bg4 6. Bg2 e6 7. O-O Nf6 8. Re1 O-O 9. e5 Nfd7 10. h3 Bxf3 11. Nxf3 c5 12. c3 Nc6 13. Bf4 Qb6 14. Qd2 a5 15. Bh6 a4 16. h4 Qc7 17. Qg5 Qd8 18. Qf4 Qe7 19. Bxg7 Kxg7 20. h5 h6 21. Qg4 g5 22. a3 b5 23. d4 cxd4 24. cxd4 Na5 25. Rac1 Rfc8 26. Bf1 Nc4 27. Rb1 Rc6 28. Bd3 f5 29. Qh3 g4 30. Qh4 Qxh4 31. Nxh4 Ndb6 32. Red1 Kf7 33. Ng6 Rb8 34. Kg2 Nd7 35. Rdc1 Rbb6 36. Rc3 Nb8 37. Nf4 b4 38. axb4 Rxb4 39. Rbc1 Na5 40. Rxc6 Naxc6 41. Ra1 Nxd4 42. Ng6 Nbc6 43. Ra2 Nf3 44. Kf1 Nfxe5 45. Nxe5+ Nxe5 46. Bc2 Nc4 47. Bxa4 Rxb2 48. Ra1 Kf6 49. Be8 Nd2+ 50. Kg2 Rb1 51. Ra7 Nf3 52. Rf7+ Ke5 53. Rxf5+ exf5 0-1

[Event "Icelandic Open 2019"]
[Site "Akureyri"]
[Date "2019.05.30"]
[Round "7.4"]
[White "Thorhallsson, Throstur"]
[Black "Kjartansson, Gudmundur"]
[Result "0-1"]
[ECO "E01"]
[WhiteElo "2435"]
[BlackElo "2454"]
[Annotator "ChessBase"]
[PlyCount "68"]
[EventDate "2019.05.25"]
[EventType "swiss"]
[EventCountry "ISL"]
[SourceTitle "playchess.com"]
[Source "ChessBase"]
[SourceQuality "1"]
[TimeControl "40/5400+30:1800+30"]

1. d4 d5 2. c4 e6 3. Nc3 c6 4. Nf3 dxc4 5. a4 Bb4 6. g3 Nf6 7. Bg2 O-O 8. O-O Nbd7 9. Qc2 a5 10. Rd1 Qe7 11. Ne5 Nxe5 12. dxe5 Nd7 13. Bf4 f5 14. exf6 Nxf6 15. Ne4 e5 16. Bd2 Be6 17. Ng5 Rad8 18. Rac1 Bd5 19. Bxb4 Qxb4 20. Bh3 Rfe8 21. Ne6 Rd6 22. Ng5 h6 23. Nf3 Be4 24. Qc3 Qxc3 25. bxc3 Rxd1+ 26. Rxd1 Nd5 27. Rc1 Bxf3 28. exf3 Kf7 29. Rb1 Rb8 30. Bf1 Nxc3 31. Bxc4+ Kf6 32. Ra1 b5 33. axb5 cxb5 34. Bd3 a4 0-1

[Event "Icelandic Open 2019"]
[Site "Akureyri"]
[Date "2019.05.30"]
[Round "7.5"]
[White "Ruelland, Geoffrey"]
[Black "Gunnarsson, Jon Viktor"]
[Result "0-1"]
[ECO "B92"]
[WhiteElo "1955"]
[BlackElo "2452"]
[Annotator "ChessBase"]
[PlyCount "48"]
[EventDate "2019.05.25"]
[EventType "swiss"]
[EventCountry "ISL"]
[SourceTitle "playchess.com"]
[Source "ChessBase"]
[SourceQuality "1"]
[TimeControl "40/5400+30:1800+30"]

1. e4 c5 2. Nf3 d6 3. d4 cxd4 4. Nxd4 Nf6 5. Nc3 a6 6. Be2 e5 7. Nb3 Be7 8. Be3 O-O 9. g4 Be6 10. g5 Nfd7 11. Qd2 Nb6 12. O-O-O a5 13. Kb1 a4 14. Nc1 a3 15. b3 N8d7 16. Rhg1 Qc7 17. Nb5 Qc6 18. f3 d5 19. Bxb6 Nxb6 20. Qc3 Rfc8 21. Qxc6 bxc6 22. exd5 Nxd5 23. c4 Ne3 24. Rd3 cxb5 0-1

[Event "Icelandic Open 2019"]
[Site "Akureyri"]
[Date "2019.05.30"]
[Round "7.7"]
[White "Thorfinnsson, Bragi"]
[Black "Pupols, Viktors"]
[Result "1-0"]
[ECO "C00"]
[WhiteElo "2451"]
[BlackElo "2023"]
[Annotator "ChessBase"]
[PlyCount "65"]
[EventDate "2019.05.25"]
[EventType "swiss"]
[EventCountry "ISL"]
[SourceTitle "playchess.com"]
[Source "ChessBase"]
[SourceQuality "1"]
[TimeControl "40/5400+30:1800+30"]

1. Nf3 d5 2. g3 Nf6 3. Bg2 e6 4. O-O c5 5. d3 Nc6 6. Nbd2 Be7 7. e4 O-O 8. Re1 b5 9. e5 Ne8 10. Nf1 Nc7 11. h4 b4 12. h5 Nb5 13. N1h2 Ncd4 14. Ng4 a5 15. a4 bxa3 16. bxa3 a4 17. h6 g6 18. Be3 Bd7 19. c4 Nxf3+ 20. Qxf3 Nc7 21. Bxc5 Bxc5 22. Nf6+ Kh8 23. Nxd7 Be7 24. Nxf8 Qxf8 25. Qf4 g5 26. Qg4 Rd8 27. cxd5 Nxd5 28. Bxd5 Rxd5 29. Qxa4 Bd8 30. Rab1 Qxh6 31. Qe8+ Kg7 32. Rb8 g4 33. Rxd8 1-0